[Event "*** Titled Tuesday Blitz"]
[Site "Chess.com"]
[Date "2019.11.05"]
[Round "8"]
[White "Vojtap"]
[Black "Godzillator"]
[Result "1-0"]
[WhiteElo "2171"]
[BlackElo "2288"]
[TimeControl "180+2"]
[EndTime "14:51:07 PST"]
[Termination "Vojtap won by resignation"]

1. e4 c6 2. d4 d5 3. exd5 cxd5 4. c4 Nf6 5. Nc3 e6 6. Nf3 Bb4 7. Bd2 O-O 8. cxd5 Nxd5 9. Bd3 Nc6 10. O-O Be7 11.
Be4 Ncb4 12. Re1 Bf6 13. Ne5 g6 14. Bh6 Re8 15. Qf3 Bd7 16. Nxd7 Qxd7 17. Bxd5 Bxd4 18. Bxb7 Rab8 19. Be4 f5 20. Bb1 e5 21. a3 e4 22.
Qh3 Nd5 23. Nxd5 Bxb2 24. Ba2 Kh8 25. Rad1 Red8 26. Bg5 Rdc8 27. Bf6+ Bxf6 28. Nxf6 Qg7 29. Rd7 1-0

[Event "*** Titled Tuesday Blitz"]
[Site "Chess.com"]
[Date "2019.11.05"]
[Round "8"]
[White "Tolya2"]
[Black "raswi"]
[Result "0-1"]
[WhiteElo "2388"]
[BlackElo "2231"]
[TimeControl "180+2"]
[EndTime "14:51:10 PST"]
[Termination "raswi won by resignation"]

1. Nf3 Nf6 2. d4 g6 3. g3 Bg7 4. Bg2 O-O 5. O-O d6 6. b3 a5 7. a4 Na6 8. Bb2 c6 9. Nbd2 Bf5 10.
Re1 d5 11. Nh4 Bg4 12. h3 Be6 13. e4 dxe4 14. Nxe4 Nxe4 15. Rxe4 Bd5 16. Re2 Bxg2 17. Nxg2 e6 18. c3 Qd7 19. Qc2 Rfd8 20. Ne3 c5 21. Nc4 Qc7 22. dxc5 Nxc5 23. Na3 Qc6 24. Nb5 Nd3 25. Rd1 Nxb2 26. Rxd8+ Rxd8 27. Qxb2 Rd1+ 0-1

[Event "*** Titled Tuesday Blitz"]
[Site "Chess.com"]
[Date "2019.11.05"]
[Round "8"]
[White "Last7Samurai"]
[Black "el-reptiliano"]
[Result "1-0"]
[WhiteElo "2686"]
[BlackElo "2324"]
[TimeControl "180+2"]
[EndTime "14:51:12 PST"]
[Termination "Last7Samurai won by resignation"]

1. e4 c5 2. c3 d5 3. exd5 Qxd5 4. d4 Nc6 5. Nf3 Bg4 6. Be2 cxd4 7. cxd4 e6 8. h3 Bf5 9. Nc3 Bb4 10. O-O Bxc3 11. bxc3 Nf6 12. Ba3 Qa5 13. Qb3 Qb6 14. Qa4 Qa5 15.
Qxa5 Nxa5 16. Bb5+ Nc6 17. Ne5 Rc8 18. Rfe1 a6 19.
Bxc6+ bxc6 20. Nc4 Rc7 21. Nd6+ Kd8 22. Bc5 Rd7 23.
Bb6+ Rc7 24. Nxf7+ Kd7 25. Nxh8 Rb7 26. Bc5 Nd5 27.
Nf7 Nxc3 28. Ne5+ Kc7 29. Rac1 Nxa2 30. Ra1 Rb2 31. Nc4 Rc2 32. Ne3 Rb2 33. Nxf5 exf5 34.
Re7+ Kd8 35. Rae1 1-0

[Event "*** Titled Tuesday Blitz"]
[Site "Chess.com"]
[Date "2019.11.05"]
[Round "8"]
[White "pedroholly22"]
[Black "ExploringChess"]
[Result "0-1"]
[WhiteElo "2415"]
[BlackElo "2733"]
[TimeControl "180+2"]
[EndTime "14:51:32 PST"]
[Termination "ExploringChess won by resignation"]

1. e4 e6 2. d4 d5 3. Nc3 Nf6 4.
e5 Nfd7 5. f4 c5 6. Nf3 Nc6 7.
Be3 a6 8. Qd2 Be7 9. dxc5 Nxc5 10. Qf2 Qa5 11. O-O-O Ne4 12. Nxe4 dxe4 13. Nd2 Qxa2 14.
Bc4 Qa1+ 15. Nb1 b5 16. Bb3 O-O 17. Bc5 a5 18. Bxe7 Nxe7 19. Qc5 Nf5 20. g4 a4 21. gxf5 axb3 22. Rhg1 g6 23. Qe7 Ra2 24. Rd2 Qxb2+ 25. Kd1 Qxb1+ 26. Ke2 Qxg1 27. f6 Rxc2 0-1

[Event "*** Titled Tuesday Blitz"]
[Site "Chess.com"]
[Date "2019.11.05"]
[Round "8"]
[White "JSPrepz"]
[Black "pedro_gines"]
[Result "1-0"]
[WhiteElo "2815"]
[BlackElo "2536"]
[TimeControl "180+2"]
[EndTime "14:52:10 PST"]
[Termination "JSPrepz won by checkmate"]

1. e4 c6 2. d4 d5 3. Nd2 dxe4 4.
Nxe4 Bf5 5. Ng3 Bg6 6. h4 h6 7. Nh3 e6 8. Nf4 Bh7 9. Bc4 Bd6 10. Ngh5 Kf8 11. Qg4 g6 12. Ng3 Nf6 13. Qf3 Nbd7 14.
Bd2 Nb6 15. Bb3 Nbd5 16. O-O-O Kg7 17. Nd3 a5 18. a3 b5 19. Ne5 c5 20. Bxd5 exd5 21.
Bxh6+ Kg8 22. Nc6 Bf8 23. Nxd8 Bxh6+ 24. Kb1 Kg7 25. Nc6 cxd4 26. h5 g5 27. Nxd4 Ne4 28.
Ngf5+ Bxf5 29. Nxf5+ Kh7 30. Rxd5 Rhe8 31. Nxh6 Kxh6 32.
Qxf7 Nc3+ 33. bxc3 Re1+ 34. Rxe1 Ra6 35. Re6+ Rxe6 36.
Qxe6+ Kxh5 37. Qh3+ Kg6 38. Rd6+ Kg7 39. Qh6+ Kg8 40.
Rf6 g4 41. Rf8# 1-0

[Event "*** Titled Tuesday Blitz"]
[Site "Chess.com"]
[Date "2019.11.05"]
[Round "8"]
[White "DeGrootteZ"]
[Black "Vuk2000"]
[Result "0-1"]
[WhiteElo "2620"]
[BlackElo "2807"]
[TimeControl "180+2"]
[EndTime "14:52:12 PST"]
[Termination "Vuk2000 won by checkmate"]

1. e4 e6 2. d4 d5 3. Nc3 Bb4 4. e5 c5 5. a3 Bxc3+ 6. bxc3 Ne7 7. h4 Qc7 8. h5 h6 9. Nf3 b6 10. Bb5+ Bd7 11. Bd3 c4 12. Be2 Ba4 13. g4 Nbc6 14. Nh4 O-O-O 15. f4 f6 16. Be3 Rdf8 17. Kd2 b5 18.
Qg1 Kb7 19. Qg3 a5 20. Rab1 Ka8 21. Rhf1 Rb8 22. Bf2 Rhg8 23. Qe3 Rbf8 24. Bg3 f5 25. gxf5 Nxf5 26. Nxf5 Rxf5 27. Bg4 Qf7 28. Rg1 Rxh5 29. Bxh5 Qxh5 30. Rbf1 Qf5 31. Kc1 Qxc2# 0-1

[Event "*** Titled Tuesday Blitz"]
[Site "Chess.com"]
[Date "2019.11.05"]
[Round "8"]
[White "nitpicker"]
[Black "boasovietica"]
[Result "1-0"]
[WhiteElo "2324"]
[BlackElo "2424"]
[TimeControl "180+2"]
[EndTime "14:52:18 PST"]
[Termination "nitpicker won by resignation"]

1. d4 Nf6 2. c4 g6 3. Nc3 Bg7 4. e4 O-O 5. Be2 d6 6. Nf3 c5 7. d5 e5 8. h3 Ne8 9. g4 a6 10. Bd3 Kh8 11. Bd2 f5 12. gxf5 gxf5 13. exf5 Bxf5 14. Ne4 Nd7 15. Qe2 Ndf6 16. Nfg5 Nxe4 17.
Bxe4 Bxe4 18. Qxe4 Nf6 19. Qh4 Qe7 20. Rg1 Rg8 21. Nxh7 Bh6 22. Nxf6 Rxg1+ 23. Ke2 Rg6 24. Bxh6 Rxf6 25. Bf8+ Qh7 26. Qxf6+ 1-0

[Event "*** Titled Tuesday Blitz"]
[Site "Chess.com"]
[Date "2019.11.05"]
[Round "8"]
[White "DanielNaroditsky"]
[Black "NTBT_DHS"]
[Result "1-0"]
[WhiteElo "2959"]
[BlackElo "2664"]
[TimeControl "180+2"]
[EndTime "14:52:21 PST"]
[Termination "DanielNaroditsky won by resignation"]

1. e4 g6 2. d4 Bg7 3. Nc3 a6 4. h4 h5 5. Nh3 d5 6. exd5 Nf6 7. Nf4 b5 8. Bd3 Bb7 9. Bxg6 Qd6 10.
Ne6 fxg6 11. Bf4 Qb4 12. Nxg7+ Kf7 13. Ne6 Bxd5 14. Nxc7 Bxg2 15. Rg1 Qxb2 16. Ne2 Bf3 17. Nxa8 Bxe2 18. Kxe2 Nc6 19. Rb1 Qc3 20. Rg3 Nxd4+ 21.
Kf1 Qc6 22. Qxd4 Rxa8 23. Kg1 Qxc2 24. Qd3 Rc8 25. Rc1 Qxd3 26. Rxd3 Rxc1+ 27. Bxc1 Ke6 28. Ra3 Nd5 29. Rxa6+ Kf5 30. Bg5 e5 31. Ra5 Nc3 32. Bd2 Ne4 33. Bb4 Kg4 34. Rxb5 Kxh4 35. a4 g5 36. a5 g4 37. a6 Ng5 38. Be7 1-0

[Event "*** Titled Tuesday Blitz"]
[Site "Chess.com"]
[Date "2019.11.05"]
[Round "8"]
[White "RoelandPruijssers"]
[Black "ShahMatKanal"]
[Result "1-0"]
[WhiteElo "2642"]
[BlackElo "2522"]
[TimeControl "180+2"]
[EndTime "14:52:24 PST"]
[Termination "RoelandPruijssers won by resignation"]

1. e4 c5 2. Nf3 Nc6 3. d4 cxd4 4. Nxd4 e5 5. Nb5 a6 6. Nd6+ Bxd6 7.
Qxd6 Qf6 8. Qd1 Qg6 9. Nc3 d5 10. Nxd5 Qxe4+ 11. Be2 Nd4 12. Nc7+ Ke7 13. Nxa8 Nxc2+ 14.
Kf1 Nxa1 15. Nb6 Nf6 16. Be3 Nc2 17. Bc5+ Ke8 18. Nxc8 Qc6 19. Nd6+ Kd7 20. Nxf7+ 1-0

[Event "*** Titled Tuesday Blitz"]
[Site "Chess.com"]
[Date "2019.11.05"]
[Round "8"]
[White "Zhuu96"]
[Black "YQPerez"]
[Result "0-1"]
[WhiteElo "2979"]
[BlackElo "2905"]
[TimeControl "180+2"]
[EndTime "14:52:29 PST"]
[Termination "YQPerez won by resignation"]

1. Nf3 d5 2. b3 Nf6 3. Bb2 Bf5 4. g3 e6 5. Bg2 h6 6. O-O Be7 7. c4 c6 8. d3 O-O 9. Nbd2 a5 10. a3 Nbd7 11. Bc3 Bh7 12. b4 axb4 13. axb4 Bd6 14. Nb3 Qe7 15. Qd2 dxc4 16. dxc4 Ne4 17. Qb2 Nxc3 18.
Qxc3 Bxb4 19. Qe3 Rfd8 20. Nfd4 Nc5 21. Rxa8 Rxa8 22. Bxc6 Nxb3 23. Qxb3 e5 24. Bxb7 Qxb7 25. Nf3 Qe7 26. Rd1 Bc5 27. Qb2 e4 28. Ne5 Bf5 29. e3 Bh3 30. Rd5 Qa7 31. Rd1 Qa4 32. Qb1 Bf8 33. Rc1 Qa3 34. Rd1 Ra5 35. Nc6 Rc5 36.
Qxe4 Qa4 0-1

[Event "*** Titled Tuesday Blitz"]
[Site "Chess.com"]
[Date "2019.11.05"]
[Round "8"]
[White "Vasily85"]
[Black "colegiodemadrid"]
[Result "0-1"]
[WhiteElo "2232"]
[BlackElo "2419"]
[TimeControl "180+2"]
[EndTime "14:52:33 PST"]
[Termination "colegiodemadrid won by resignation"]

1. d4 d5 2. Nf3 e6 3. c4 Nf6 4. g3 dxc4 5. Bg2 a6 6. O-O Nc6 7. e3 Rb8 8. Nfd2 e5 9. Nxc4 exd4 10. Re1 dxe3 11. Qb3 Be6 12. Bxe3 Be7 13. Nbd2 O-O 14.
Rad1 Na5 15. Qc2 Nxc4 16. Nxc4 Qc8 17. Na5 c6 18. Ba7 Ra8 19. Bb6 Bb4 20. Rf1 Nd5 21. Bxd5 Bxd5 22. a3 Bd6 23. Bc5 Qh3 24. f3 Bxc5+ 25.
Qxc5 Rab8 26. Qc2 Rfe8 27. Qf2 b6 28. Rxd5 cxd5 29. Nc6 Rb7 30. Re1 Rxe1+ 31. Qxe1 Qe6 32.
Qc3 Rc7 33. Nd4 Rxc3 34. Nxe6 Rc1+ 0-1

[Event "*** Titled Tuesday Blitz"]
[Site "Chess.com"]
[Date "2019.11.05"]
[Round "8"]
[White "politeplayer"]
[Black "Oligan22"]
[Result "0-1"]
[WhiteElo "2246"]
[BlackElo "2468"]
[TimeControl "180+2"]
[EndTime "14:52:53 PST"]
[Termination "Oligan22 won on time"]

1. e4 c6 2. d4 d5 3. Nc3 dxe4 4. f3 exf3 5. Nxf3 Nf6 6. Bd3 Bg4 7. Be3 e6 8. O-O Bd6 9. Qe1 Nbd7 10. h3 Bxf3 11.
Rxf3 Qc7 12. a4 O-O-O 13. a5 e5 14. a6 b6 15. dxe5 Nxe5 16. Bf5+ Kb8 17. Rf1 Rhe8 18. Kh1 Nc4 19. Nd1 Nh5 20. Rf3 Ng3+ 21. Kg1 Nxe3 22.
Nxe3 Rxe3 23. Rxe3 Nxf5 24. Rd3 Ng3 25. b4 Nf5 26. Rad1 h5 27. Qe4 Bh2+ 28. Kh1 Ng3+ 29. Rxg3 Bxg3 30. Rxd8+ Qxd8 31. Qf3 h4 32. b5 Qd4 0-1

[Event "*** Titled Tuesday Blitz"]
[Site "Chess.com"]
[Date "2019.11.05"]
[Round "8"]
[White "ehrenfeld"]
[Black "anesar92"]
[Result "1/2-1/2"]
[WhiteElo "2544"]
[BlackElo "2683"]
[TimeControl "180+2"]
[EndTime "14:52:56 PST"]
[Termination "Game drawn by repetition"]

1. e4 c5 2. Nf3 d6 3. Bc4 Nf6 4. d3 e6 5. Bb3 Be7 6. O-O O-O 7. Re1 b5 8. c3 Bb7 9. Bc2 Re8 10. d4 Bf8 11. Bg5 h6 12. Bh4 e5 13. dxe5 dxe5 14.
Qxd8 Rxd8 15. Bxf6 gxf6 16. Nbd2 Nc6 17. Nf1 c4 18.
Ng3 Bc5 19. Nf5 Kh7 20. Rad1 Ne7 21. Nxe7 Bxe7 22. Nh4 Bc5 23. Kf1 a5 24. Rxd8 Rxd8 25. Ke2 b4 26. Nf5 Ba6 27. Rd1 Rxd1 28. Bxd1 b3 29.
a3 Bb7 30. f3 Bc6 31. Kd2 Kg6 32. Be2 Bb5 33. Ne3 Bxe3+ 34. Kxe3 a4 35. f4 h5 36. h4 Kh6 37. g4 hxg4 38. Bxg4 Kg6 39. Be2 Kh6 40.
Kf3 Kg6 41. Kg3 Kg7 42. fxe5 fxe5 43. Kg4 Bd7+ 44. Kg5 f6+ 45. Kh5 Be8+ 46. Kg4 Bd7+ 47.
Kg3 Bb5 48. Bg4 Kg6 49. Be6 Kh5 50. Bf7+ Kh6 51. Bd5 Kh5 52. Be6 Bc6 53. Bf7+ Kh6 54. Kf3 Bb5 55. Bd5 Kh5 56. Kg3 Kh6 57. Be6 Kh5 58.
Bg4+ Kh6 59. Be6 Kh5 1/2-1/2

[Event "*** Titled Tuesday Blitz"]
[Site "Chess.com"]
[Date "2019.11.05"]
[Round "8"]
[White "dennisodessa"]
[Black "DonPreuss"]
[Result "0-1"]
[WhiteElo "2173"]
[BlackElo "2131"]
[TimeControl "180+2"]
[EndTime "14:52:58 PST"]
[Termination "DonPreuss won by resignation"]

1. d4 Nc6 2. d5 Ne5 3. Nf3 Ng6 4. e4 e5 5. c4 Bb4+ 6. Bd2 Bxd2+ 7. Qxd2 d6 8. Nc3 N8e7 9. h4 O-O 10.
h5 Nh8 11. Bd3 h6 12. Nh4 f5 13. exf5 Nxf5 14. Nxf5 Bxf5 15. Bxf5 Rxf5 16. O-O-O Qg5 17. f3 Qxd2+ 18. Rxd2 Nf7 19. Ne4 Ng5 20. Nxg5 Rxg5 21. Rh4 Rf8 22. Rd3 Rgf5 23. Re3 Rf4 24. Re4 Rxh4 25.
Rxh4 Rf5 26. Kd2 Rg5 27. g4 Kh7 28. Ke3 g6 29. hxg6+ Rxg6 30. b3 Kg7 31. Rh1 Rf6 32. Rc1 b6 33. a3 Rf4 34. Rd1 Kf6 35. Rh1 Kg5 36. Rh5+ Kg6 37. Rh2 a6 38. Rd2 Kg5 39. Rh2 Rd4 40. a4 Rd1 41. a5 Rb1 42. Ke4 Rxb3 43.
axb6 cxb6 44. Ra2 a5 45. Rh2 a4 46. Rh5+ Kg6 47. f4 exf4 48. Kxf4 a3 49. Rh1 Rc3 50. Rb1 Rxc4+ 51. Ke3 a2 52. Ra1 Ra4 0-1

[Event "*** Titled Tuesday Blitz"]
[Site "Chess.com"]
[Date "2019.11.05"]
[Round "8"]
[White "Tsschessulover"]
[Black "2165149677570"]
[Result "1-0"]
[WhiteElo "2421"]
[BlackElo "2296"]
[TimeControl "180+2"]
[EndTime "14:53:00 PST"]
[Termination "Tsschessulover won by checkmate"]

1. d4 Nf6 2. c4 b6 3. Nc3 Bb7 4.
f3 d5 5. cxd5 Nxd5 6. e4 Nxc3 7.
bxc3 e6 8. Bd3 c5 9. Ne2 Be7 10. O-O O-O 11. Be3 cxd4 12. cxd4 Nc6 13. Kh1 Nb4 14. Bc4 Rc8 15. Qb3 Rxc4 16. Qxc4 Ba6 17.
Qc3 Bxe2 18. Rfb1 Qc8 19. Qd2 Qc2 20. Rxb4 Qxd2 21. Bxd2 Bxb4 22. Bxb4 Rc8 23. d5 exd5 24. exd5 a5 25. Bd2 Rd8 26. Be3 Rxd5 27. Bxb6 a4 28.
Kg1 g6 29. Rc1 a3 30. Be3 Rb5 31. Rc8+ Kg7 32. Bd4+ Kh6 33. Ra8 Bc4 34. Rxa3 Rb1+ 35. Kf2 Rf1+ 36. Kg3 f5 37. Ra7 Re1 38. h4 Re2 39.
Bf6 f4+ 40. Kxf4 Bg8 41. Bg5+ Kh5 42. g4# 1-0

[Event "*** Titled Tuesday Blitz"]
[Site "Chess.com"]
[Date "2019.11.05"]
[Round "8"]
[White "medalja"]
[Black "AyelenChess"]
[Result "0-1"]
[WhiteElo "2384"]
[BlackElo "2071"]
[TimeControl "180+2"]
[EndTime "14:53:00 PST"]
[Termination "AyelenChess won by resignation"]

1. d4 Nf6 2. Nf3 g6 3. g3 Bg7 4. Bg2 O-O 5. O-O c5 6. b3 cxd4 7. Bb2 Nc6 8. Nxd4 Nxd4 9. Bxd4 d6 10. c4 Qc7 11. a4 Bf5 12. Nc3 Qd7 13. Rc1 Bh3 14. Qd2 Qg4 15. f3 Qh5 16. g4 Nxg4 17. fxg4 Qxg4 18. e3 e5 19. Rf3 exd4 20. exd4 Bh6 21.
Qf2 Qxg2+ 22. Qxg2 Bxg2 23. Rcf1 Bxf3 24. Rxf3 Rae8 25.
Nb5 Re3 26. Kf2 Rfe8 27. Nxd6 Rxf3+ 28. Kxf3 Re3+ 29. Kf2 Rxb3 30. d5 Be3+ 31. Ke2 Bc5 32. Ne4 0-1

[Event "*** Titled Tuesday Blitz"]
[Site "Chess.com"]
[Date "2019.11.05"]
[Round "8"]
[White "13MiRacLe"]
[Black "DishonorOnYourCow"]
[Result "1-0"]
[WhiteElo "2589"]
[BlackElo "2251"]
[TimeControl "180+2"]
[EndTime "14:53:11 PST"]
[Termination "13MiRacLe won by resignation"]

1. e4 c5 2. Nf3 d6 3. d4 cxd4 4. Nxd4 Nf6 5. Nc3 a6 6. Be2 e5 7. Nb3 Be7 8. Be3 Be6 9. h4 h5 10. Nd5 Nxd5 11. exd5 Bf5 12. g3 Be4 13. Bf3 Bxf3 14.
Qxf3 Nd7 15. O-O-O b5 16. Kb1 a5 17. Nd2 a4 18. g4 a3 19. b3 hxg4 20. Qxg4 g6 21. h5 Nf6 22. Qb4 Rxh5 23. Rxh5 Nxh5 24. Qxb5+ Qd7 25.
Qxd7+ Kxd7 26. c4 f5 27. f3 g5 28. Rh1 Rh8 29. Kc2 g4 30. fxg4 fxg4 31. Ne4 Ke8 32. Ng3 Nxg3 33. Rxh8+ Kf7 34. Rh7+ Kf8 35. Bh6+ Ke8 36. Be3 Nf5 37. Kd3 g3 38. Ke4 Nh4 39. Rxe7+ Kxe7 40. Bg5+ Kd7 41. Bxh4 g2 42. Bf2 Kc7 43.
Kf3 Kb7 44. Kxg2 Ka6 45. b4 Kb7 46. Kf3 Kc7 47. Ke4 Kd7 48. c5 1-0

[Event "*** Titled Tuesday Blitz"]
[Site "Chess.com"]
[Date "2019.11.05"]
[Round "8"]
[White "AndrBaryshpolets"]
[Black "champ2005"]
[Result "0-1"]
[WhiteElo "2776"]
[BlackElo "2923"]
[TimeControl "180+2"]
[EndTime "14:53:14 PST"]
[Termination "champ2005 won by resignation"]

1. d4 Nf6 2. c4 Nc6 3. Nc3 e5 4.
Nf3 e4 5. Nd2 e3 6. fxe3 Bb4 7.
Qc2 O-O 8. a3 Bxc3 9. Qxc3 d5 10. g3 dxc4 11. Qxc4 Be6 12. Qd3 Bd5 13. e4 Nxe4 14.
Nxe4 f5 15. Nf2 Bxh1 16. Nxh1 Qxd4 17. Nf2 Rfe8 18. e3 Qf6 19. Qb3+ Kh8 20. Qc3 Ne5 21. Be2 Qh6 22. h3 Qg6 23. g4 fxg4 24. Nxg4 Nxg4 25. hxg4 Rad8 26. Bd2 Rd6 27. Qc4 Qh6 28. Qf4 Qh4+ 29.
Kd1 Red8 30. e4 Rxd2+ 31. Qxd2 Qh1+ 32. Kc2 Rxd2+ 33. Kxd2 0-1

[Event "*** Titled Tuesday Blitz"]
[Site "Chess.com"]
[Date "2019.11.05"]
[Round "8"]
[White "ural58"]
[Black "SiddharthGMJagadeesh"]
[Result "1-0"]
[WhiteElo "2482"]
[BlackElo "2575"]
[TimeControl "180+2"]
[EndTime "14:53:14 PST"]
[Termination "ural58 won by resignation"]

1. Nc3 d5 2. d4 Nf6 3. Bf4 c6 4. f3 Bf5 5. Qd2 e6 6. g4 Bg6 7. h4 h6 8. e3 Bb4 9. a3 Qa5 10.
Nge2 Nbd7 11. Bh3 Nb6 12. b3 Bxa3 13. Bd6 Bb4 14. Rxa5 Bxa5 15. Kf2 Nc8 16. Ba3 Bc7 17.
Nf4 Bxf4 18. exf4 h5 19. f5 exf5 20. Re1+ Kd8 21. gxf5 Bh7 22. Qg5 Rg8 23. Qg3 Kd7 24. Na4 b6 25. c4 a6 26. cxd5 Nxd5 27. f6+ Kd8 28. Be7+ Ncxe7 29. fxe7+ Ke8 1-0

[Event "*** Titled Tuesday Blitz"]
[Site "Chess.com"]
[Date "2019.11.05"]
[Round "8"]
[White "TheFireChess"]
[Black "Perecke"]
[Result "1-0"]
[WhiteElo "2513"]
[BlackElo "2141"]
[TimeControl "180+2"]
[EndTime "14:53:14 PST"]
[Termination "TheFireChess won on time"]

1. e4 e5 2. Nf3 Nc6 3. Bc4 Bc5 4. c3 Nf6 5. d3 O-O 6. Nbd2 d5 7. Bb5 Re8 8. O-O Bd7 9. Re1 a6 10. Ba4 b5 11.
Bc2 Bg4 12. Qe2 Nh5 13. Nb3 Bb6 14. h3 Ng3 15. Qd1 Be6 16. Be3 Bxe3 17. Rxe3 d4 18.
Re1 Nh5 19. cxd4 exd4 20. Qd2 Nf6 21. a4 Qd7 22. Nc5 Qd6 23. b4 a5 24. e5 1-0

[Event "*** Titled Tuesday Blitz"]
[Site "Chess.com"]
[Date "2019.11.05"]
[Round "8"]
[White "jefferyx"]
[Black "Taron_Shagbazyan"]
[Result "1-0"]
[WhiteElo "2924"]
[BlackElo "2711"]
[TimeControl "180+2"]
[EndTime "14:53:21 PST"]
[Termination "jefferyx won by resignation"]

1. c4 e5 2. Nc3 Nf6 3. Nf3 Nc6 4. a3 d5 5. cxd5 Nxd5 6. Qc2 Be7 7. e3 Nxc3 8. bxc3 O-O 9. d4 Bd6 10. Be2 Kh8 11.
O-O f5 12. Nd2 Bd7 13. Nc4 f4 14. exf4 exd4 15. Nxd6 cxd6 16. Bd3 Qh4 17. cxd4 Nxd4 18. Qb2 Ne6 19. Qxb7 Nc5 20. Qd5 Nxd3 21. Qxd3 Bc6 22. Bd2 Rae8 23. Rfe1 Qg4 24. f3 Qd7 25. Qd4 Bb5 26.
Bb4 Rxe1+ 27. Rxe1 Rd8 28. Rd1 d5 29. Re1 Re8 30.
Rxe8+ Qxe8 31. Qxa7 h6 32. h3 Qe2 33. Qa8+ Kh7 34.
Qxd5 Qf1+ 35. Kh2 Bd3 36. Bc3 Bf5 1-0

[Event "*** Titled Tuesday Blitz"]
[Site "Chess.com"]
[Date "2019.11.05"]
[Round "8"]
[White "Sjakkerntobi"]
[Black "Zavgorodniy_Serg"]
[Result "1-0"]
[WhiteElo "2161"]
[BlackElo "2557"]
[TimeControl "180+2"]
[EndTime "14:53:22 PST"]
[Termination "Sjakkerntobi won on time"]

1. e4 e5 2. Nf3 d6 3. d4 exd4 4. Nxd4 Nf6 5. Nc3 Be7 6. Bc4 O-O 7. O-O c6 8. Bb3 b5 9. f3 a5 10. a4 b4 11. Nce2 Na6 12. Ng3 Nc5 13. Bc4 g6 14. Nb3 Nxb3 15. Bxb3 Ba6 16. Rf2 Re8 17. Bg5 Nd7 18.
Bxe7 Qxe7 19. Rd2 Ne5 20. Rxd6 Rad8 21. Rxd8 Rxd8 22. Qe1 Qc5+ 23. Kh1 h5 24. Rd1 Rxd1 25. Qxd1 h4 26. Ne2 Qf2 27. Qd8+ Kg7 28. Qd4 Qxe2 29. Qxe5+ Kh7 30. h3 Qf2 31. Qc7 Bf1 32. Qxf7+ Kh6 33. Qf4+ Kg7 34. Qg4 1-0

[Event "*** Titled Tuesday Blitz"]
[Site "Chess.com"]
[Date "2019.11.05"]
[Round "8"]
[White "Alextorngren"]
[Black "semchik73"]
[Result "1/2-1/2"]
[WhiteElo "2226"]
[BlackElo "2399"]
[TimeControl "180+2"]
[EndTime "14:53:24 PST"]
[Termination "Game drawn - insufficient material"]

1. d4 d5 2. c4 c6 3. Nc3 Nf6 4.
cxd5 cxd5 5. f3 Nc6 6. e4 dxe4 7.
d5 Ne5 8. fxe4 e6 9. Nf3 Nxf3+ 10. Qxf3 exd5 11. e5 Ne4 12. Bb5+ Bd7 13. Rf1 f5 14. exf6 Nxf6 15. Qe2+ Qe7 16. Bxd7+ Kxd7 17. Be3 Rd8 18. O-O-O Kc8 19. Bxa7 Qxe2 20. Nxe2 Bd6 21. Bd4 Rhe8 22. Nc3 Bxh2 23. Bxf6 gxf6 24. Rxf6 Be5 25.
Rf7 Bxc3 26. bxc3 Re2 27. Rd2 Re3 28. Rxh7 Rxc3+ 29. Rc2 Rxc2+ 30. Kxc2 Rg8 31. Rh2 Rg3 32. a4 Kc7 33. Rh7+ Kc6 34. Rh2 Kc5 35. Kc1 Kb4 36.
Rh7 Kxa4 37. Rxb7 Rxg2 38. Kd1 Ka5 39. Rb8 Rg6 40. Kd2 Rb6 41. Rd8 Rb5 42. Kd3 Kb4 43. Kd4 Kb3 44. Rxd5 Rxd5+ 45. Kxd5 1/2-1/2

[Event "*** Titled Tuesday Blitz"]
[Site "Chess.com"]
[Date "2019.11.05"]
[Round "8"]
[White "StephenDedalus83"]
[Black "kingofthenil"]
[Result "1-0"]
[WhiteElo "2802"]
[BlackElo "2535"]
[TimeControl "180+2"]
[EndTime "14:53:27 PST"]
[Termination "StephenDedalus83 won by resignation"]

1. e4 Nc6 2. Nf3 d6 3. d4 Nf6 4. Nc3 g6 5. h3 Bg7 6. Be3 O-O 7. Qd2 a6 8. Bh6 e5 9. d5 Ne7 10. O-O-O b5 11. Bd3 c6 12. dxc6 Nxc6 13. Bxg7 Kxg7 14.
Ne2 Be6 15. Kb1 b4 16. Ng5 Qb6 17. f4 Rac8 18. f5 Bd7 19. Rhf1 a5 20. g4 Nd4 21. Nxd4 Qxd4 22. Nf3 Qc5 23. Qe1 Ba4 24. b3 Bb5 25. Bxb5 Qxb5 26. g5 Nh5 27. Rxd6 Rxc2 28. Kxc2 Qc5+ 29.
Kb1 Qxd6 30. Qd2 Qc5 31. Rc1 Qb5 32. Qd6 Re8 33. f6+ Kg8 34. Nxe5 Nf4 35. Nxf7 Kxf7 36. Qxf4 Qd3+ 37. Ka1 Qd4+ 38. Kb1 Qd3+ 39. Rc2 Rc8 40. Qd2 Qxe4 41. Qd7+ Kg8 42. Qxc8+ Kf7 43. Qd7+ Kf8 44. Qg7+ Ke8 45. f7+ Kd8 1-0

[Event "*** Titled Tuesday Blitz"]
[Site "Chess.com"]
[Date "2019.11.05"]
[Round "8"]
[White "MikeSailer"]
[Black "victormago"]
[Result "0-1"]
[WhiteElo "2205"]
[BlackElo "2453"]
[TimeControl "180+2"]
[EndTime "14:53:28 PST"]
[Termination "victormago won by resignation"]

1. b4 e5 2. Bb2 Bxb4 3. Bxe5 Nf6 4. Nf3 Nc6 5. Bb2 O-O 6. e3 Re8 7. Be2 d5 8. O-O Bg4 9. h3 Bh5 10. c4 dxc4 11. Bxc4 Qe7 12. d4 Rad8 13. Be2 Ne4 14.
Qb3 Na5 15. Qa4 b6 16. a3 Bd6 17. Nc3 Bxf3 18. Bxf3 Nd2 19. Rfd1 Nxf3+ 20. gxf3 Qh4 21.
Kf1 Qxh3+ 22. Ke2 Qd7 23. Qc2 Nc4 24. Rh1 Nxb2 25. Qxh7+ Kf8 26. Rag1 Qe6 27. Rxg7 Qc4+ 28. Kd2 Bxa3 29. Rh5 Rxd4+ 30. Ke1 Qxc3+ 31. Kf1 Qd3+ 32. Qxd3 Rxd3 33. Rg4 Re6 34. Rh8+ Ke7 35. Rc8 Rc3 36. Rgg8 a5 37. f4 Rd6 38. e4 Rd2 39. e5 Ke6 40. Rce8+ Kf5 41. Rg5+ Kxf4 42. Rg3 Rxg3 43. fxg3+ Kxg3 0-1

[Event "*** Titled Tuesday Blitz"]
[Site "Chess.com"]
[Date "2019.11.05"]
[Round "8"]
[White "chanchakman"]
[Black "ferdipy"]
[Result "0-1"]
[WhiteElo "2143"]
[BlackElo "2208"]
[TimeControl "180+2"]
[EndTime "14:53:30 PST"]
[Termination "ferdipy won by resignation"]

1. g3 e5 2. Bg2 d5 3. c4 dxc4 4. Qa4+ c6 5. Qxc4 Be6 6. Qc2 Nf6 7. Nf3 Bd6 8. Nc3 Nbd7 9. h3 O-O 10. Ng5 Bc4 11.
d3 Ba6 12. O-O Bc7 13. b4 Rc8 14. a4 Bd6 15. Qb3 b6 16. Ba3 Bb7 17. Rac1 Qe7 18.
Nge4 Nxe4 19. Nxe4 Bb8 20. a5 Kh8 21. b5 c5 22.
axb6 axb6 23. e3 f5 24. Nd2 Bxg2 25. Kxg2 f4 26. exf4 exf4 27. Ne4 f3+ 28. Kh2 Ne5 29. Rce1 Qd7 30. Re3 Rcd8 31. Bb2 c4 32. dxc4 Qe6 33. Ng5 Qf5 34. Bxe5 Bxe5 35. Nxf3 Bd6 36. Nd2 Bc5 37. Rf3 Qe6 38. Rxf8+ Rxf8 39. f4 Qe2+ 0-1

[Event "*** Titled Tuesday Blitz"]
[Site "Chess.com"]
[Date "2019.11.05"]
[Round "8"]
[White "maxip32"]
[Black "Saitama_Hero"]
[Result "1-0"]
[WhiteElo "2495"]
[BlackElo "2358"]
[TimeControl "180+2"]
[EndTime "14:53:38 PST"]
[Termination "maxip32 won by resignation"]

1. e4 d6 2. d4 g6 3. Nc3 Bg7 4. Be3 c6 5. Qd2 b5 6. h4 h5 7.
Nh3 Nd7 8. Ng5 Nb6 9. b3 Nf6 10. f3 a6 11. a4 Bb7 12. Bd3 Nfd7 13. O-O Qc7 14. f4 c5 15. dxc5 Nxc5 16. a5 Nbd7 17. Be2 b4 18. Nd5 Bxd5 19. Qxd5 O-O 20. f5 Nf6 21.
Qc4 Kh8 22. e5 Nfd7 23. f6 exf6 24. Nxf7+ Kh7 25. exd6 Qa7 26. Bd3 Rae8 27. Bf2 Re6 28. Qxe6 Nxe6 29. Bxa7 Rxf7 30. Bc4 Ne5 31. Bxe6 Rxa7 32.
Rad1 Ra8 33. d7 Rd8 34. Rd6 Bf8 35. Rxa6 Bc5+ 36. Kh1 f5 37. Re1 Ng4 38. Rc6 Bf2 39. Re2 Bxh4 40. Rc8 Kg7 41. Rxd8 Bxd8 42. a6 1-0